 Dungeon Crawl Stone Soup version 0.32-a0-485-g70f7560b1c (webtiles) character file.

Game seed: 3360401704110227238

18 Esekla the Sneak (level 2, -5/21 HPs)
             Began as an Octopode Delver on Feb 26, 2024.
             Slain by a gnoll
             ... wielding a +0 whip
              (7 damage)
             ... on level 4 of the Dungeon.
             The game lasted 00:04:29 (280 turns).

Esekla the Sneak (Octopode Delver)                   Turns: 280, Time: 00:04:30

Health: -5/21      AC:  1    Str: 11    XL:     2   Next: 66%
Magic:  2/2        EV: 13    Int: 12    God:
Gold:   41         SH:  0    Dex: 13    Spells: 1/1 levels left

rFire   . . .        a - +0 falchion
rCold   . . .        (no shield)
rNeg    . . .        (helmet restricted)
rPois   .            (no amulet)
rElec   .            (no ring)
rCorr   .            (no ring)
SInv    .            (no ring)
Will    .....        (no ring)
Stlth   ++++         (no ring)
HPRegen 0.23/turn    (no ring)
MPRegen 0.08/turn    (no ring)
                     (no ring)

%: no passive effects
@: no status effects
A: almost no armour, amphibious, 8 rings, camouflage 1, gelatinous body 1,
(nimble swimmer 1), tentacles
a: no special abilities


You were on level 4 of the Dungeon.
You visited 1 branch of the dungeon, and saw 4 of its levels.

You collected 41 gold pieces.

Inventory:

Hand Weapons
 a - a +0 falchion (weapon)
Armour
 c - a +0 buckler
Jewellery
 e - an amulet of regeneration
Wands
 f - a wand of digging (3)
Scrolls
 b - a scroll of fog
Potions
 d - a potion of heal wounds


   Skills:
 * Level 3.1 Fighting
 + Level 2.0 Long Blades
 * Level 2.1 Dodging
 + Level 7.1 Stealth
 * Level 0.4 Spellcasting


You had one spell level left.
You didn't know any spells.
Your spell library contained the following spells:

 Spells                   Type           Power      Damage    Failure   Level
 Foxfire                  Conj/Fire      0%         2x1d4     32%         1
 Inner Flame              Hex/Fire       0%         N/A       67%         3
 Flame Wave               Conj/Fire      0%         2d4       97%         4
 Sticky Flame             Fire/Alch      0%         2d4       97%         4
 Plasma Beam              Fire/Air       0%         2x1d10    100%        6
 Starburst                Conj/Fire      0%         6d3       100%        6


Dungeon Overview and Level Annotations

Branches:
Dungeon (7/15)
 Temple: D:4-7

Altars:
Elyvilon
Fedhas
Uskayaw

Annotations:
D:6 Jeremiah


Innate Abilities, Weirdness & Mutations

You cannot wear most types of armour.
You are amphibious.
You can wear up to eight rings at the same time.
Your skin changes colour to match your surroundings (Stealth+).
Your rubbery body absorbs attacks. (AC +1, EV +1)
((You are camouflaged when in or above water. (Stealth+)))
You have tentacles for arms and can constrict up to eight enemies at once.


Message History

There is a stone staircase leading up here.
You climb upwards.
There is a stone staircase leading down here.
There is a stone staircase leading down here.
You climb downwards.
Level annotation: Jeremiah
There is a stone staircase leading up here.
There is a stone staircase leading up here.
There is a shaft here.
There is a shaft here.
There is a stone staircase leading up here.
You climb upwards.
There is a stone staircase leading down here.
There is a stone staircase leading down here.
Found a buckler.
You see here a +0 buckler.
c - a +0 buckler
Okay, then.
Found a stone staircase leading up.
A scorpion comes into view.
There is a stone staircase leading up here.
You climb upwards.
You hear the hiss of flowing sand.
There is an entrance to an ossuary on this level.
Hurry and find it before the portal is buried!
Found a sapphire potion.
There is a stone staircase leading down here.
The gnoll shouts! x3
The gnoll shouts!
Okay, then.
Okay, then.
It was a potion of heal wounds.
You feel much better. The gnoll barely misses you. x2
The gnoll hits you from afar with a +0 spear of freezing.
The gnoll freezes you. The gnoll barely misses you.
The gnoll hits you with a +0 spear. The gnoll misses you.
The gnoll hits you with a +0 halberd!
Ouch! That really hurt!
* * * LOW HITPOINT WARNING * * *
The gnoll hits you with a +0 whip!
You die...

.#. .. ##..
##.##....
##........
###.........
##.......!...
###............
##gg............
###.@g.#..>.......
#..g.###..........
#.#### #######....
### ###


You could see 4 gnolls.

Vanquished Creatures
  2 adders (D:6)
2 creatures vanquished.

Notes
Turn   | Place    | Note
-------+----------+-------------------------------------------
     0 | D:5      | Esekla the Octopode Delver began the quest for the Orb.
     0 | D:5      | Reached XP level 1. HP: 16/16 MP: 1/1
    10 | D:5      | Noticed an iguana
    33 | D:5      | Found a hide-covered altar of Uskayaw.
    33 | D:5      | Noticed a +0 falchion
    33 | D:5      | Noticed a +0 falchion
    33 | D:5      | Noticed a +0 short sword
    39 | D:5      | Noticed a +0 dagger
    40 | D:5      | Noticed a +0 spear
    40 | D:5      | Noticed a +0 spear
    40 | D:5      | Noticed a +0 dagger
    43 | D:5      | Noticed a scorpion
    44 | D:5      | Noticed a +0 short sword
    55 | D:5      | Noticed a scorpion
    64 | D:5      | Noticed a centaur
    72 | D:5      | Noticed a phantom
    72 | D:5      | Noticed an iguana
    79 | D:5      | Found a white marble altar of Elyvilon.
    79 | D:5      | Noticed a phantom
   106 | D:6      | Reached XP level 2. HP: 13/21 MP: 2/2
   150 | D:6      | Reached skill level 7 in Stealth
   152 | D:6      | Noticed an ice beast
   155 | D:6      | Noticed a sky beast
   159 | D:6      | Noticed Jeremiah
   168 | D:7      | Noticed a phantom
   168 | D:7      | Found a blossoming altar of Fedhas.
   177 | D:7      | Noticed a phantom
   193 | D:7      | Noticed a water moccasin
   195 | D:7      | Noticed an orc warrior
   206 | D:6      | Noticed a scorpion
   261 | D:5      | Noticed a scorpion
   280 | D:4      | Slain by a gnoll

Illustrated notes

Levels and vault maps discovered:
D:4:      cheibrodos_thug_alley, layout_cave_pods, fiery_altar_vehumet,
          minmay_temple_entry_glassed_door, enter_ossuary_3, serial_shops, shop,
          grunt_decor_resistance, uniq_duvessa
D:5:      layout_cave_pools, old_standard_altar, nicolae_uskayaw_en_pointe,
          serial_bayou_pond_e, minmay_misc_feat_more_columns
D:6:      layout_rooms, minivault_26, uniq_sigmund, uniq_jeremiah
D:7:      layout_basic, grunt_dithmenos_smoke, mainiacjoe_overflow_tiny_flanked,
          serial_shops, shop

Skill      XL: |  1  2 |
---------------+-------+-----
Stealth        | 7 |  7.1
Fighting       | |  3.1
Long Blades    | |  2.0
Dodging        | |  2.1
Spellcasting   | |  0.4

Action                     || total
---------------------------++-------
  Melee: Falchion          ||     6
         Constrict         ||     1
         Tentacles         ||     2
    Use: Scroll            ||     5
         Potion            ||     2
 Armour: Skin              ||    13
  Dodge: Dodged            ||    21

Table legend: (Time is in decaauts)
 A = Elapsed time spent in this place.
 B = Non-inter-level travel time spent in this place.
 C = Inter-level travel time spent in this place.
 D = Time resting spent in this place.
 E = Time spent auto-exploring this place.
 F = Levels seen in this place.
 G = Mean time per level.
                   A        B        C        D        E       F      G
               +--------+--------+--------+--------+--------+-----+--------+
         Total |    268 |    268 |      0 |     30 |      0 |   4 |   67.0 |
       Dungeon |    268 |    268 |      0 |     30 |      0 |   4 |   67.0 |
               +--------+--------+--------+--------+--------+-----+--------+

Top non-repeatable levels by time:
     D:5: 134 daAuts
     D:6: 83 daAuts
     D:7: 37 daAuts
     D:4: 12 daAuts
